 Dungeon Crawl Stone Soup version 0.25.1-8-g42b30a86e7 (webtiles) character file.

Game seed: 6851721425502999775

330 Qrupt the Shield-Bearer (level 6, -1/43 HPs)
             Began as a Halfling Fighter on Nov 30, 2020.
             Slain by an ogre
             ... wielding a +0 giant club
              (6 damage)
             ... on level 4 of the Dungeon.
             The game lasted 00:05:27 (3733 turns).

Qrupt the Shield-Bearer (Halfling Fighter)          Turns: 3733, Time: 00:05:27

Health: -1/43      AC:  7    Str: 18    XL:     6   Next: 81%
Magic:  6/6        EV:  9    Int:  6    God:
Gold:   175        SH: 10    Dex: 15    Spells: 5/5 levels left

rFire    + . .     SeeInvis .   a - +0 rapier
rCold    x . .     Gourm    .   c - +0 kite shield
rNeg     . . .     Faith    .   b - +0 scale mail
rPois    .         Spirit   .   (no helmet)
rElec    .         Reflect  .   (no cloak)
rCorr    .         Harm     .   (no gloves)
MR       .....                  (no boots)
Stlth    ..........             (no amulet)
HPRegen  0.14/turn              r - ring of fire
MPRegen  0.10/turn              (no ring)

@: no status effects
A: small, mutation resistance 1
a: no special abilities


You were on level 4 of the Dungeon.
You were not hungry.

You visited 1 branch of the dungeon, and saw 4 of its levels.

You collected 175 gold pieces.

Inventory:

Hand Weapons
 a - a +0 rapier (weapon)
 u - the +8 demon blade "Leech" {vamp, *Rage +Rage rN+}
   (You found it on level 4 of the Dungeon)

   It inflicts no extra harm, but heals its wielder when it wounds a living foe.
   It protects you from negative energy.
   It lets you go berserk.
   It may make you go berserk in combat.
Armour
 b - a +0 scale mail (worn)
 c - a +0 kite shield (worn)
Jewellery
 r - a ring of fire (left hand)
Scrolls
 e - a scroll of fear {unknown}
 g - a scroll of magic mapping {unknown}
 h - a scroll of random uselessness {unknown}
 i - 2 scrolls of remove curse {unknown}
 j - 2 scrolls of amnesia {unknown}
 k - a scroll of teleportation {unknown}
 o - 4 scrolls of identify {unknown}
Potions
 d - a potion of might
 m - 3 potions of curing {unknown}
 n - a potion of cancellation {unknown}
 p - a potion of heal wounds {unknown}
 q - a potion of mutation {unknown}
 s - a potion of flight {unknown}
 t - a potion of resistance {unknown}
Comestibles
 f - 5 rations
 l - 3 chunks of flesh


   Skills:
 + Level 4.0 Fighting
 + Level 4.5 Short Blades
 + Level 4.7 Armour
 + Level 4.7 Shields


You had 5 spell levels left.
You didn't know any spells.
Your spell library contained the following spells:

 Spells                   Type           Power        Failure   Level  Hunger
 Confusing Touch          Hex            #.......     100%        3    ####...
 Gell's Gravitas          Tloc           #.........   100%        3    ####...
 Petrify                  Tmut/Erth      #.......     100%        4    #####..
 Metabolic Englaciation   Hex/Ice        #.........   100%        5    ######.
 Yara's Violent Unravell  Hex/Tmut       #.........   100%        5    ######.


Dungeon Overview and Level Annotations

Branches:
Dungeon (4/15)
 Temple: D:4-7

Altars:
Ru


Innate Abilities, Weirdness & Mutations

You are small and have problems with some larger weapons.
You are somewhat resistant to further mutation.


Message History

An ogre is nearby!
An ogre is nearby!
The ogre barely misses you.
You barely miss the ogre. The ogre barely misses you.
You barely miss the ogre. You block the ogre's attack.
Your shield prevents you from hitting the ogre.
Your shield and scale mail prevent you from hitting the ogre.
The ogre hits you with a +0 giant club!
You hit the ogre.
The ogre is lightly wounded.
The ogre hits you with a +0 giant club!
You are too injured to fight recklessly!
There is a stone staircase leading down here.
There is an open door here.
You see here the +8 demon blade "Leech" {vamp, *Rage +Rage rN+}.
u - the +8 demon blade "Leech" {vamp, *Rage +Rage rN+} The ogre hits you with a +0 giant club!!
* * * LOW HITPOINT WARNING * * *
The ogre hits you with a +0 giant club.
You die...

#.......## ###'#...#
#.##### #.### #...#
####'#### #.......# #
#.......# ##
#...@...# #.
#....O..####### #>
#.......##....# #.
#.......##.##+## #.
#.....<........#####.
####+###.##....'.....
#.##....#.....
#.##..|.#.....
#.##....#.....


You could see an ogre.

Vanquished Creatures
  A sky beast (D:3)
  An iguana (D:4)
  2 orc wizards (D:2)
  A worker ant (D:4)
  A gnoll (D:1)
  4 adders
  2 worms
  A dart slug (D:1)
  3 leopard geckos
  3 orcs
  2 ball pythons (D:2)
  9 bats
  5 giant cockroaches
  11 goblins
  7 hobgoblins
  3 jackals (D:2)
  A quokka (D:3)
  5 frilled lizards
  11 kobolds
  8 rats
81 creatures vanquished.

Notes
Turn   | Place    | Note
-------+----------+-------------------------------------------
     0 | D:1      | Qrupt the Halfling Fighter began the quest for the Orb.
     0 | D:1      | Reached XP level 1. HP: 15/15 MP: 1/1
   202 | D:1      | Reached XP level 2. HP: 17/20 MP: 2/2
   287 | D:1      | Reached XP level 3. HP: 6/25 MP: 3/3
   991 | D:2      | Found a sacrificial altar of Ru.
  1076 | D:2      | Found a faded altar of an unknown god.
  1139 | D:2      | Reached XP level 4. HP: 27/31 MP: 4/4
  1852 | D:2      | Reached XP level 5. HP: 23/36 MP: 5/5
  2069 | D:2      | You fall into a shaft and drop 1 floor!
  2629 | D:3      | Noticed a sky beast
  2663 | D:3      | Killed a sky beast
  2663 | D:3      | Reached XP level 6. HP: 20/43 MP: 6/6
  3575 | D:4      | Found the +8 demon blade "Leech" {vamp, *Rage +Rage rN+}
  3696 | D:4      | Noticed an ogre
  3733 | D:4      | Slain by an ogre

Illustrated notes

Levels and vault maps discovered:
D:1:      psy_arrival_whirlpool, layout_basic, minmay_pentomino_r4
D:2:      minmay_chambers_of_ones, layout_loops_corners,
          chequers_ecumenical_altar_grove, first_ration, nicolae_ru_awakened_eye
D:3:      layout_basic
D:4:      layout_basic

Skill      XL: |  1  2  3  4  5  6 |
---------------+-------------------+-----
Fighting       | 3 4 |  4.0
Short Blades   | 3 4 |  4.5
Armour         | 4 |  4.7
Shields        | 4 |  4.7

Action                   |  1- 3 |  4- 6 || total
-------------------------+-------+-------++-------
Melee: Rapier            |   107 |   216 ||   323
  Eat: Chunk             |     1 |     8 ||     9
Armor: Scale mail        |    34 |    91 ||   125
Dodge: Dodged            |    34 |    76 ||   110
Block: Kite shield       |    51 |   107 ||   158
